AoeStats
← Comend x comend

Pilgrims

508297108Analyzed
4v4 RM · 10d ago on Sep 21, 2026· 55m 1s· 8 players
Game mode
Random Map
Map size
Large (8 player)
Population
200
Speed
Normal
Resources
Standard
Victory
Conquest
Starting age
Dark Age
Ending age
Imperial Age
RankedLock teamsTeams togetherTeam positionsShared explorationLock speedFull tech treeHidden civsTurbo modeCheats
Victory
Defeat
1442
+12
🇺🇸 Vikings · United States
1440
+12
🇦🇿 Burgundians · Azerbaijan
1414
+13
🇵🇪 Magyars · Peru
1366
+15
🇨🇭 Italians · Switzerland
1405
-14
🇸🇪 Koreans · Sweden
1389
-14
🇵🇱 Portuguese · Poland
1322
-12
🇪🇸 Khmer · Spain
1317
-12
Mowgli
5:46 Loom
13:17 Feudal Age
14:03 Town Watch
15:47 Wheelbarrow
18:46 Castle Age
19:24 Fletching
21:24 Bodkin Arrow
54:47 Hand Cart
Alejandro_Cao
4:03 Loom
9:38 Feudal Age
15:27 Castle Age
13:35 Fishing Lines
14:39 Stone Mining
16:45 Medium Warships
18:49 Horse Collar
24:21 Gillnets
26:03 Heavy Plow
27:32 Fletching
Zaphod
9:29 Feudal Age
10:07 Double-Bit Axe
10:21 Loom
17:22 Castle Age
16:55 Fletching
17:06 Padded Archer Armor
16:57 Stone Mining
17:04 Gold Mining
17:08 Fishing Lines
18:20 Medium Warships
19:08 Bow Saw
19:06 Bodkin Arrow
22:01 Leather Archer Armor
22:26 Wheelbarrow
22:57 Town Watch
26:09 Ballistics
26:10 Horse Collar
32:40 Imperial Age
31:32 Hand Cart
34:33 Chemistry
33:48 Bracer
33:30 Treadmill Crane
34:13 Conscription
37:37 Ring Archer Armor
39:59 Elite Genoese Crossbowman
41:49 Masonry
42:57 Murder Holes
43:33 Architecture
44:31 Architecture
48:02 Thumb Ring
54:07 Two-Man Saw
53:15 Heavy Plow
antikiller247
5:03 Loom
11:11 Feudal Age
11:51 Double-Bit Axe
12:59 Fishing Lines
14:10 Wheelbarrow
17:57 Castle Age
16:52 Horse Collar
17:22 Town Watch
18:37 Gold Mining
19:08 Fletching
20:35 Bodkin Arrow
20:25 Crossbowman
23:02 Bow Saw
25:56 Hand Cart
27:08 Heavy Plow
28:16 Padded Archer Armor
29:03 Thumb Ring
30:10 Stone Mining
38:44 Imperial Age
38:21 Leather Archer Armor
38:30 Town Patrol
39:27 Bracer
39:30 Arbalester
40:43 Ballistics
41:25 Chemistry
40:10 Pikeman
41:12 Treadmill Crane
44:32 Coinage
44:39 Forging
44:29 Scale Mail Armor
44:59 Ring Archer Armor
45:43 Banking
46:07 Guilds
48:26 Siege Engineers
48:40 Elite Skirmisher
51:34 Ring Archer Armor
54:24 Halberdier
55:42 Iron Casting
55:23 Chain Mail Armor
Jack Tyler
8:00 Loom
10:10 Feudal Age
14:31 Castle Age
12:47 Fishing Lines
12:55 Double-Bit Axe
13:25 Town Watch
13:39 Fletching
15:48 Padded Archer Armor
16:33 Bodkin Arrow
16:35 Gold Mining
18:03 Gold Shaft Mining
19:54 Ballistics
21:43 Gillnets
26:50 Horse Collar
29:16 Heavy Plow
32:53 Imperial Age
31:00 Scale Mail Armor
31:52 Forging
32:31 Chain Mail Armor
32:56 Chieftains
33:56 Conscription
33:46 Bracer
34:21 Crop Rotation
34:29 Elite Berserk
35:44 Hoardings
35:10 Treadmill Crane
35:40 Masonry
36:04 Plate Mail Armor
37:06 Chemistry
37:59 Iron Casting
36:58 Elite Longship
39:47 Blast Furnace
38:50 Bogsveigar
41:01 Architecture
40:26 Murder Holes
40:38 Siege Engineers
46:06 Stone Mining
46:45 Capped Ram
47:37 Siege Ram
Comend x comend
6:55 Loom
9:53 Feudal Age
15:04 Castle Age
14:47 Double-Bit Axe
15:59 Horse Collar
Yucatan_water_supremacy
5:20 Loom
12:24 Feudal Age
13:35 Town Watch
16:32 Castle Age
17:31 Scale Barding Armor
19:15 Chain Barding Armor
29:51 Horse Collar
31:04 Wheelbarrow
30:36 Double-Bit Axe
36:10 Bow Saw
36:04 Heavy Plow
39:31 Hand Cart
43:10 Imperial Age
42:09 Stone Mining
42:11 Gold Mining
42:58 Fletching
43:09 Padded Archer Armor
43:57 Bodkin Arrow
44:08 Recurve Bow
45:15 Chemistry
44:35 Ballistics
43:45 Heavy Cavalry Archer
45:28 Conscription
45:46 Bracer
46:15 Thumb Ring
46:39 Leather Archer Armor
47:04 Parthian Tactics
47:23 Masonry
48:12 Ring Archer Armor
47:52 Corvinian Army
48:29 Plate Barding Armor
48:49 Bloodlines
48:39 Husbandry
48:57 Elite Magyar Huszar
50:34 Siege Engineers
53:11 Scale Mail Armor
53:16 Caravan
Mr.Guo
5:56 Double-Bit Axe
8:35 Fishing Lines
13:48 Feudal Age
15:44 Bow Saw
20:35 Castle Age
20:29 Gillnets
20:50 Pikeman
20:57 Cavalier
22:17 Scale Barding Armor
24:53 Wheelbarrow
26:51 Forging
29:54 Gold Mining
31:23 Hand Cart
39:59 Demolition Ship
44:53 Imperial Age
45:56 Imperial Age
46:34 Light Cavalry
47:19 Husbandry
48:05 Hussar
49:23 Iron Casting
50:12 Chain Barding Armor
50:12 Loom
51:48 Blast Furnace
51:28 Plate Barding Armor
50:18 Paladin
55:13 Two-Man Saw
54:01 Town Watch
54:51 Town Patrol
Connection lost

Rejoining the realm…

Still unreachable

The connection could not be restored.

Session expired

The server has moved on; the page needs a fresh start.